 Dungeon Crawl Stone Soup version 0.26.1-11-gd32895ea62 (webtiles) character file.

Game seed: 12715785561870638273

382 mankey1987 the Ducker (level 6, -20/62 HPs)
             Began as an Ogre Berserker on May 30, 2021.
             Was a Believer of Trog.
             Demolished by an ogre
             ... wielding a +0 giant club
              (27 damage)
             ... on level 5 of the Dungeon.
             The game lasted 00:05:18 (4989 turns).

mankey1987 the Ducker (Ogre Berserker)              Turns: 4989, Time: 00:05:18

Health: -20/62     AC:  3    Str: 22    XL:     6   Next: 76%
Magic:  6/6        EV: 12    Int:  8    God:    Trog [**....]
Gold:   224        SH:  0    Dex: 10    Spells: 5/5 levels left

rFire    . . .     SeeInvis .   q - +0 flail
rCold    . . .     Faith    .   (no shield)
rNeg     . . .     Spirit   .   b - +0 animal skin
rPois    .         Reflect  .   (helmet restricted)
rElec    .         Harm     .   a - scarf {+Inv}
rCorr    .         Rampage  .   (gloves unavailable)
Will     .....                  (boots unavailable)
Stlth    +.........             (no amulet)
HPRegen  0.20/turn              (no ring)
MPRegen  0.10/turn              (no ring)

@: berserk cooldown, slowed, very slow
A: large, unfitting armour, tough skin 1
a: Renounce Religion, Evoke Invisibility, Berserk, Trog's Hand


You were on level 5 of the Dungeon.
You worshipped Trog.
Trog was pleased with you.
You visited 1 branch of the dungeon, and saw 5 of its levels.

You collected 224 gold pieces.

Inventory:

Hand Weapons
 q - a +0 flail (weapon)
Armour
 a - a scarf of invisibility (worn)
 b - a +0 animal skin (worn)
Wands
 r - a wand of enslavement (8)
Scrolls
 c - 6 scrolls of identify {unknown}
 d - a scroll of random uselessness {unknown}
 e - 2 scrolls of teleportation {unknown}
 f - a scroll of immolation {unknown}
 g - 4 scrolls of enchant armour {unknown}
 k - a scroll of amnesia {unknown}
 n - a scroll of magic mapping {unknown}
 o - 3 scrolls of remove curse {unknown}
Potions
 h - 2 potions of flight {unknown}
 i - a potion of curing {unknown}
 j - a potion of cancellation {unknown}
 l - a potion of invisibility {unknown}
 m - 2 potions of heal wounds
 p - a potion of attraction {unknown}


   Skills:
 - Level 4.0 Fighting
 - Level 2.6 Maces & Flails
 + Level 6.7 Dodging


You had 5 spell levels left.
You didn't know any spells.
Your spell library was empty.

Dungeon Overview and Level Annotations

Branches:
Dungeon (5/15)
 Temple: D:4-7

Altars:
Ashenzari
Gozag
Kikubaaqudgha
Nemelex Xobeh
Okawaru
The Shining One

Shops:
D:3 *


Innate Abilities, Weirdness & Mutations

You are too large for most types of armour.
You have tough skin. (AC +1)


Message History

The ogre is severely wounded.
The ogre barely misses you.
You hit the ogre but do no damage.
The ogre is severely wounded.
The ogre closely misses you. x2
You hit the ogre but do no damage.
The ogre is severely wounded.
The ogre hits you with a +0 giant club!!
* * * LOW HITPOINT WARNING * * *
You feel much better.
The ogre hits you with a +0 giant club!!
* * * LOW HITPOINT WARNING * * *
You feel much better.
The ogre hits you with a +0 giant club!!
You barely miss the ogre.
The ogre is severely wounded.
The ogre hits you with a +0 giant club!
* * * LOW HITPOINT WARNING * * *
The ogre hits you with a +0 giant club!!
You die...

######.# #......# ..
##.#..#..# ###.. ......#
... .....# ..#.#.#######
# .... .............
.##... #.....#######
##...###.#
##<)..##....###.†O......
##.#.#....#.#.#@####.#
#....†....†#...†....#
....##.#####...#...####
###.##.# ####......(#
...... ##...##.#
......## ##.## #
.##..### ### . ... ##..


You could see an ogre.

Vanquished Creatures
  A sky beast (D:4)
  A howler monkey (D:3)
  3 worker ants
  2 gnolls
  8 adders
  An ufetubus (D:4)
  2 worms (D:2)
  5 dart slugs
  2 orcs
  6 bats
  3 giant cockroaches
  9 goblins
  5 hobgoblins
  10 jackals
  A quokka (D:3)
  A ball python (D:4)
  A frilled lizard (D:5)
  8 kobolds
  5 rats
74 creatures vanquished.

Notes
Turn   | Place    | Note
-------+----------+-------------------------------------------
     0 | D:1      | mankey1987 the Ogre Berserker began the quest for the Orb.
     0 | D:1      | Reached XP level 1. HP: 24/24 MP: 1/1
    89 | D:1      | Reached skill level 3 in Dodging
    96 | D:1      | Reached XP level 2. HP: 29/32 MP: 2/2
   414 | D:1      | Reached XP level 3. HP: 39/39 MP: 3/3
   962 | D:2      | Reached skill level 4 in Dodging
  1561 | D:2      | Reached XP level 4. HP: 43/48 MP: 4/4
  1750 | D:2      | Found a sparkling altar of Nemelex Xobeh.
  1787 | D:2      | Found a broken altar of Ashenzari.
  1969 | D:2      | Found an iron altar of Okawaru.
  2125 | D:2      | Reached ** piety under Trog
  2427 | D:3      | Reached skill level 5 in Dodging
  2427 | D:3      | Reached XP level 5. HP: 54/54 MP: 5/5
  2601 | D:3      | Found an ancient bone altar of Kikubaaqudgha.
  2655 | D:3      | Found an opulent altar of Gozag.
  2658 | D:3      | Found Gozag's Platinum Reserve.
  3028 | D:3      | Found a glowing golden altar of the Shining One.
  4287 | D:5      | Entered Level 5 of the Dungeon
  4287 | D:5      | Noticed a sky beast
  4299 | D:4      | Reached XP level 6. HP: 39/62 MP: 6/6
  4521 | D:4      | Killed a sky beast
  4522 | D:4      | Reached skill level 6 in Dodging
  4989 | D:5      | Demolished by an ogre

Illustrated notes

Levels and vault maps discovered:
D:1:      dpeg_arrival_concentric_ovals, layout_basic, minmay_cupped
D:2:      layout_rooms, lemuel_round_altar, nemelex_xobeh_ov_fountains_minmay,
          kennysheep_doodads, nicolae_ashenzari_panopticon
D:3:      layout_loops_ring, nicolae_overflow_crystal_walls, tso_oasis_becter,
          nicolae_gozag_zags_fifth_avenue
D:4:      layout_basic
D:5:      layout_loops_cross, nzn_hepliaklqana_mist_gate,
          minmay_temple_entry_proselytizer, serial_shops,
          nicolae_shop_behind_doors, nicolae_shop_waterfront,
          nicolae_shop_temple_entry_statues_fountains, enter_ossuary_2,
          minmay_manual_monstrance, uniq_duvessa

Skill      XL: |  1  2  3  4  5  6 |
---------------+-------------------+-----
Dodging        | 3 4 5 6 |  6.7
Fighting       | |  4.0
Maces & Flails | |  2.6

Action                   |  1- 3 |  4- 6 || total
-------------------------+-------+-------++-------
Melee: Mace              |    98 |   107 ||   205
       Flail             |       |    70 ||    70
Invok: Berserk           |     3 |     7 ||    10
  Use: Potion            |     1 |     2 ||     3
Armor: Animal skin       |    24 |    49 ||    73
Dodge: Dodged            |    80 |   141 ||   221
